 Dungeon Crawl Stone Soup version 0.20-a0-927-g1ae2c61 (webtiles) character file.

229 Lifeless the Sneak (level 5, -4/26 HPs)
             Began as a Spriggan Assassin on Mar 29, 2017.
             Slain by an orc
             ... wielding a +0 hand axe
              (5 damage)
             ... on level 4 of the Dungeon.
             The game lasted 00:29:19 (6854 turns).

Lifeless the Sneak (Spriggan Assassin)              Turns: 6854, Time: 00:29:20

Health: -4/26      AC:  3    Str:  7    XL:     5   Next: 71%
Magic:  6/6        EV: 20    Int: 13    God:
Gold:   226        SH:  0    Dex: 18    Spells: 4/4 levels left

rFire    . . .     SeeInvis +   a - +2 dagger
rCold    + . .     Gourm    .   (shield restricted)
rNeg     . . .     Faith    .   c - +0 robe
rPois    .         Spirit   .   (helmet restricted)
rElec    .         Reflect  .   d - +0 cloak
rCorr    .         Harm     .   (gloves unavailable)
MR       +....                  (boots unavailable)
Stlth    ++++......             f - amulet of magic regeneration
Regen    0.1/turn               j - ring of protection from cold
MPRegen  0.2/turn               u - ring of protection from magic

@: lethally poisoned (-4 -> -20), very slightly contaminated, hasted, very quick
A: unfitting armour, see invisible, herbivore 3, speed 3, slow metabolism 2
a: no special abilities


You were on level 4 of the Dungeon.
You were not hungry.

You visited 1 branch of the dungeon, and saw 5 of its levels.

You collected 226 gold pieces.

Inventory:

Hand Weapons
 a - a +2 dagger (weapon)
Missiles
 k - 65 arrows
Armour
 c - a +0 robe (worn)
 d - a +0 cloak (worn)
Jewellery
 f - an amulet of magic regeneration (around neck)
 j - a ring of protection from cold (left hand)
 u - a ring of protection from magic (right hand)
Scrolls
 g - a scroll of recharging {unknown}
 n - a scroll of blinking {unknown}
 p - a scroll of identify
 q - a scroll of enchant weapon {unknown}
Potions
 b - 2 potions of brilliance
 e - 2 potions of curing {unknown}
 l - 2 potions of agility
 r - 2 potions of heal wounds
 s - a potion of mutation {unknown}
 t - a potion of might {unknown}
Comestibles
 h - 7 fruits
 i - 2 royal jellies
 m - 3 bread rations


   Skills:
 + Level 2.2 Fighting
 + Level 4.4 Short Blades
 - Level 2.0 Throwing
 + Level 4.1 Dodging
 + Level 7.4 Stealth


You had 4 spell levels left.
You didn't know any spells.

Dungeon Overview and Level Annotations

Branches:
Dungeon (5/15)
 Temple: D:4-7

Altars:
Zin
The Shining One

Annotations:
D:3 Sigmund; lauthentik's ghost, amateur DrTm
D:4 Pikel


Innate Abilities, Weirdness & Mutations

You are very small and have problems with some larger weapons.
You are too small for most types of armour.
You have supernaturally acute eyesight. (SInv)
You are a herbivore.
You cover ground extremely quickly.
You need consume almost no food.


Message History

You hit the orc wizard.
The orc wizard is moderately wounded.
You feel sick.
You hit the orc wizard.
The orc wizard is moderately wounded.
The orc wizard hits you with a dagger of venom!
* * * LOW HITPOINT WARNING * * *
You are more poisoned.
You closely miss the orc wizard.
The orc wizard is moderately wounded.
* * * LOW HITPOINT WARNING * * *
You feel sick. The orc barely misses you.
You hit the orc wizard.
The orc wizard is severely wounded.
* * * LOW HITPOINT WARNING * * *
You feel sick. The orc wizard closely misses you.
You hit the orc wizard.
The orc wizard is severely wounded.
The orc hits you with a hand axe.
You die...

#.......p.....###.#...###.#
.................#....## #.#
#....so........<.###..## #.#
....o.#..........###..#####.#
....#o..####.#...#.......##.#
.......### #.##........#.##.#
...###...###....<......#..#.#
...).............o.....##.#[##
...#####l..#....@o.....##..).##
#.......##.####..Z.......##...#
#.#####.......#........#......#
.)# ##.........####.#####...##
.## ####......####.### #....#
## ###...........# #.#..#
#...........###.####
#....######..##.# ######
##..#.#####


You could see an orc wizard, an orc and a leopard gecko skeleton.

Vanquished Creatures
  A centaur zombie (D:3)
  3 gnolls (D:3)
  6 adders
  An ooze (D:3)
  3 worms
  3 dart slugs (D:1)
  3 leopard geckos
  6 orcs (D:4)
  8 bats
  A giant cockroach (D:1)
  16 goblins
  8 hobgoblins
  2 jackals (D:4)
  3 quokkas
  A ball python (D:1)
  5 frilled lizards
  A jackal zombie (D:5)
  10 kobolds
  4 rats
85 creatures vanquished.

Notes
Turn   | Place    | Note
-------+----------+-------------------------------------------
     0 | D:1      | Lifeless the Spriggan Assassin began the quest for the Orb.
     0 | D:1      | Reached XP level 1. HP: 10/10 MP: 2/2
    33 | D:1      | Reached skill level 6 in Stealth
   209 | D:1      | Reached XP level 2. HP: 14/14 MP: 3/3
  1152 | D:1      | Reached XP level 3. HP: 18/18 MP: 4/4
  2363 | D:3      | Noticed lauthentik's ghost (amateur DrTm)
  2387 | D:3      | Found a glowing silver altar of Zin.
  2448 | D:3      | Found a glowing golden altar of the Shining One.
  2468 | D:3      | Noticed Sigmund
  2999 | D:3      | Reached XP level 4. HP: 23/23 MP: 5/5
  4595 | D:3      | Reached skill level 7 in Stealth
  4996 | D:3      | Reached XP level 5. HP: 10/26 MP: 6/6
  5547 | D:4      | Noticed a slave
  5547 | D:4      | Noticed a slave
  5548 | D:4      | Noticed a slave
  5711 | D:4      | Noticed a slave
  6260 | D:4      | Noticed Pikel
  6511 | D:5      | Entered Level 5 of the Dungeon
  6632 | D:4      | Noticed an ogre
  6853 | D:4      | HP: 1/26 [poisoned by an orc wizard]
  6854 | D:4      | Slain by an orc

Vault maps used:
D:1:      tarquinn_simple_flora_water_a, corexii_item_surrounded_by_moat,
          minivault_11, serial_park_tiny_pond
D:3:      overflow_temple_1_default, old_standard_altar, uniq_sigmund
D:4:      first_bread, kennysheep_generic_room_4, uniq_pikel
D:5:      serial_shops, nicolae_shop_window_shopping, gup_sewer_entry_glass,
          chequers_ossuary_entry_cave

Skill      XL: |  1  2  3  4  5 |
---------------+----------------+-----
Stealth        | 6 7 |  7.4
Short Blades   | 3 4 |  4.4
Dodging        | 2 3 4 |  4.1
Fighting       | 2 |  2.2
Throwing       | |  2.0

Action                   |  1- 3 |  4- 6 || total
-------------------------+-------+-------++-------
Melee: Dagger            |   243 |   273 ||   516
  Use: Scroll            |     5 |     1 ||     6
       Potion            |       |     5 ||     5
 Stab: Sleeping          |    11 |     7 ||    18
       Distracted        |     4 |     1 ||     5
  Eat: Bread ration      |       |     1 ||     1
Armor: Robe              |    36 |    22 ||    58
Dodge: Dodged            |   201 |   201 ||   402
